 Dungeon Crawl Stone Soup version 0.14.0-15-g6b16f67 (webtiles) character file.

81 Kejsarherre the Ruinous (level 2, -4/17 HPs)
             Began as an Octopode Conjurer on Apr 17, 2014.
             Slain by an ooze (5 damage)
             ... on Level 2 of the Dungeon.
             The game lasted 00:02:06 (993 turns).

Kejsarherre the Ruinous (Octopode Conjurer)          Turns: 993, Time: 00:02:06

HP  -4/17        AC  1     Str  7      XL: 2   Next: 66%
MP   1/4         EV 12     Int 17      God:
Gold 63          SH  0     Dex 15      Spells:  2 memorised,  2 levels left

rFire  . . .     SeeInvis .     (no weapon)
rCold  . . .     Clarity  .     (no shield)
rNeg   . . .     Conserve .     (helmet restricted)
rPois  .         rCorr    .     (no amulet)
rElec  .         rRot     .     f - +3 ring of dexterity
SustAb . .       Spirit   .     (no ring)
rMut   .         Warding  .     (no ring)
Saprov . . .     Stasis   .     (no ring)
MR     .....                    (no ring)
                                (no ring)
                                (no ring)
                                (no ring)

@: invisible, lethally poisoned, very slightly contaminated, not resistant to
hostile enchantments, quite stealthy
A: almost no armour, amphibious, 8 rings, constrict 8, camouflage 1, gelatinous
body 1
a: no special abilities


You were on level 2 of the Dungeon.
You were not hungry.

You visited 1 branch of the dungeon, and saw 2 of its levels.

You collected 63 gold pieces.

Inventory:

Magical devices
 n - a wand of magic darts (15) {unknown}
Comestibles
 b - 2 bread rations
 j - 3 meat rations
 l - a sausage
Scrolls
 a - 2 scrolls of fear {unknown}
 i - a scroll of enchant weapon II {unknown}
 k - a scroll of enchant armour {unknown}
 m - a scroll of identify {unknown}
 o - a scroll of fog {unknown}
 p - a scroll of teleportation {unknown}
Jewellery
 f - a +3 ring of dexterity (left tentacle)
Potions
 h - a potion of brilliance {unknown}
Books
 c - a book of Conjurations

   Spells                             Type                      Level
   *Magic Dart                        Conjuration                  1
   *Searing Ray                       Conjuration                  2
   Dazzling Spray                     Conjuration/Hexes            3
   Fulminant Prism                    Conjuration/Hexes            4
   Iskenderun's Mystic Blast          Conjuration                  4
   Iskenderun's Battlesphere          Conjuration/Charms           5


   Skills:
 - Level 2.0 Dodging
 - Level 2.6 Stealth
 * Level 2.1 Spellcasting
 + Level 4.6 Conjurations


You had 2 spell levels left.
You knew the following spells:

 Your Spells              Type           Power        Failure   Level  Hunger
a - Magic Dart            Conj           ###.         2%          1    #......
b - Searing Ray           Conj           ###...       4%          2    ##.....


Dungeon Overview and Level Annotations

Branches:
Dungeon (2/15)

Altars:


Innate Abilities, Weirdness & Mutations

You cannot wear most types of armour.
You are amphibious.
You can wear up to eight rings at the same time.
You can use your tentacles to constrict many enemies at once.
Your skin changes colour to match your surroundings (Stlth).
Your rubbery body absorbs attacks (AC +1).


Message History

Press: ? - help, Shift-Dir - straight line, f/p - adder
Aim: an adder (heavily wounded)
The magic dart hits the adder.
The adder is heavily wounded.
The adder closely misses you. The ooze hits you.
* * * LOW HITPOINT WARNING * * *
Drink which item? (? for menu, Esc to quit)
You fade into invisibility!
It was a potion of invisibility.
* * * LOW HITPOINT WARNING * * *
You feel sick. The adder bites you.
* * * LOW HITPOINT WARNING * * *
You are more poisoned.
The adder poisons you!
You are very lightly contaminated with residual magic.
Drink which item? (? for menu, Esc to quit)
It has a very clean taste.
It was a potion of cure mutation.
* * * LOW HITPOINT WARNING * * *
You feel sick. The adder barely misses you. The ooze hits you.
You die...

# #....# ........
###....###.##......##
....................
###....##.. #......### #
#.#.## . #..$.....
###.#.# #..##......###
.....................#
###.#.###K.# #SJ...# #
#.# #..### #@....#
###.#.###....###.....#
.....................#
###.#.###....###.....###
........................#
###.#.###...####.#......
## #......#.#...... ...
..###......#.#...... ...
...................


You could see an ooze and an adder.

Vanquished Creatures
  An ooze (D:2)
  2 goblins (D:1)
  5 hobgoblins
  A quokka (D:2)
  A ball python (D:2)
  A giant cockroach (D:1)
  2 kobolds (D:1)
  3 rats (D:1)
16 creatures vanquished.

Notes
Turn   | Place    | Note
--------------------------------------------------------------
     0 | D:1      | Kejsarherre, the Octopode Conjurer, began the quest for the Orb.
     0 | D:1      | Reached XP level 1. HP: 11/11 MP: 3/3
   471 | D:1      | Reached XP level 2. HP: 12/17 MP: 1/4
   808 | D:2      | Learned a level 2 spell: Searing Ray
   993 | D:2      | Slain by an ooze

Action                   || total
-------------------------++-------
Melee: Unarmed           ||    25
 Cast: Magic Dart        ||    17
  Use: Potion            ||     3
 Stab: Sleeping          ||     3
